AoeStats
← LimitBid70

Lombardia

509596265Analyzed
2v2 RM · 4d ago on Sep 27, 2026· 51m 36s· 4 players
Game mode
Random Map
Map size
Medium (4 player)
Population
200
Speed
Normal
Resources
Standard
Victory
Conquest
Starting age
Dark Age
Ending age
Imperial Age
RankedLock teamsTeams togetherTeam positionsShared explorationLock speedFull tech treeHidden civsTurbo modeCheats
Victory
Defeat
🇦🇺 Slavs · Australia
1045
+15
🇦🇺 Mapuche · Australia
1043
+16
🇩🇪 Armenians · Germany
1040
-16
🇩🇪 Saxons · Germany
1028
-15
Mike
6:13 Loom
9:21 Feudal Age
9:38 Man-at-Arms
11:31 Double-Bit Axe
13:06 Scale Mail Armor
14:33 Long Swordsman
15:23 Arson
16:24 Forging
21:36 Castle Age
23:42 Fletching
23:28 Crossbowman
25:21 Bodkin Arrow
25:26 Padded Archer Armor
25:47 Bow Saw
26:16 Wheelbarrow
26:57 Town Watch
28:12 Leather Archer Armor
28:24 Hand Cart
29:05 Ballistics
29:41 Town Patrol
31:34 Horse Collar
32:47 Heavy Plow
32:39 Gold Mining
38:12 Imperial Age
38:19 Arbalester
39:21 Bracer
39:51 Ring Archer Armor
40:35 Chemistry
40:18 Gold Shaft Mining
43:17 Capped Ram
44:16 Siege Ram
46:41 Onager
49:46 Pikeman
50:12 Gambesons
50:28 Squires
49:52 Pikeman
TITAN
3:26 Loom
10:56 Feudal Age
11:58 Double-Bit Axe
12:54 Man-at-Arms
14:53 Forging
18:20 Scale Mail Armor
24:32 Town Watch
26:22 Horse Collar
29:34 Castle Age
32:06 Squires
31:38 Pikeman
33:07 Chain Mail Armor
33:27 Iron Casting
40:19 Gold Mining
40:20 Stone Mining
42:23 Bow Saw
44:53 Arson
brian433
5:17 Loom
11:08 Feudal Age
16:11 Castle Age
14:37 Scale Barding Armor
14:32 Double-Bit Axe
21:33 Forging
23:02 Bloodlines
26:05 Wheelbarrow
25:16 Town Watch
28:45 Chain Barding Armor
28:45 Bow Saw
28:45 Husbandry
28:45 Horse Collar
33:07 Iron Casting
32:39 Stone Mining
34:05 Hand Cart
34:55 Fletching
42:56 Imperial Age
41:17 Sanctity
42:19 Heavy Plow
42:40 Detinets
43:37 Bodkin Arrow
44:30 Masonry
44:41 Ballistics
45:22 Chemistry
44:59 Plate Barding Armor
45:25 Blast Furnace
45:35 Two-Man Saw
45:28 Gold Mining
45:56 Town Patrol
46:00 Scale Mail Armor
48:13 Redemption
49:33 Elite Boyar
52:11 Chain Mail Armor
LimitBid70
11:07 Feudal Age
20:28 Castle Age
18:29 Fletching
18:39 Padded Archer Armor
20:06 Double-Bit Axe
21:10 Bodkin Arrow
21:42 Bow Saw
24:35 Gold Mining
27:41 Stone Mining
27:36 Horse Collar
31:56 Gold Shaft Mining
31:57 Stone Shaft Mining
32:52 Stone Shaft Mining
33:17 Wheelbarrow
32:28 Loom
32:29 Town Watch
33:55 Malon
37:42 Imperial Age
36:22 Leather Archer Armor
37:57 Elite Bolas Rider
40:13 Ring Archer Armor
40:13 Conscription
40:37 Butalmapu
44:00 Ballistics
44:42 Chemistry
50:22 Town Patrol
Connection lost

Rejoining the realm…

Still unreachable

The connection could not be restored.

Session expired

The server has moved on; the page needs a fresh start.